 Dungeon Crawl Stone Soup version 0.29.1-1-gd02db6906a (webtiles) character file.

Game seed: 11967867440662654629

4105 safid the Marksminotaur (level 10, -8/77 HPs)
             Began as a Minotaur Hunter on Sept 30, 2022.
             Was a Believer of Okawaru.
             Mangled by a yak (11 damage)
             ... on level 7 of the Dungeon.
             The game lasted 00:14:27 (7933 turns).

safid the Marksminotaur (Minotaur Hunter)           Turns: 7933, Time: 00:14:28

Health: -8/77      AC:  5    Str: 17    XL:     10   Next: 6%
Magic:  9/9        EV: 16    Int:  6    God:    Okawaru [**....]
Gold:   83         SH:  0    Dex: 17    Spells: 9/9 levels left

rFire   . . .      SeeInvis .   G - +1 arbalest (flame)
rCold   . . .      Faith    .   (shield currently unavailable)
rNeg    . . .      Spirit   .   x - +1 leather armour {Will+}
rPois   .          Reflect  .   (helmet restricted)
rElec   .          Harm     .   (no cloak)
rCorr   .          Rampage  .   (no gloves)
Will    +....                   e - +0 pair of boots
Stlth   ++........              o - amulet of regeneration
HPRegen 1.02/turn               s - +4 ring of evasion
MPRegen 0.11/turn               z - +4 ring of slaying

@: mighty
A: horns 2, retaliatory headbutt
a: Renounce Religion, Heroism


You were on level 7 of the Dungeon.
You worshipped Okawaru.
Okawaru was pleased with you.
You visited 2 branches of the dungeon, and saw 9 of its levels.

You collected 413 gold pieces.
You spent 330 gold pieces at shops.

Inventory:

Hand Weapons
 G - a +1 arbalest of flaming (weapon)
Armour
 e - a +0 pair of boots (worn)
 x - a +1 leather armour of willpower (worn)
Jewellery
 o - an amulet of regeneration (around neck)
 s - a +4 ring of evasion (left hand)
 z - a +4 ring of slaying (right hand)
Wands
 t - a wand of mindburst (22)
 A - a wand of roots (11)
 C - a wand of flame (14)
 E - a wand of digging (8)
Scrolls
 b - 3 scrolls of immolation
 c - 2 scrolls of amnesia {unknown}
 h - a scroll of poison {unknown}
 j - a scroll of acquirement {unknown}
 k - a scroll of silence {unknown}
 l - 2 scrolls of enchant weapon {unknown}
 n - a scroll of vulnerability {unknown}
 p - 2 scrolls of teleportation
 r - 2 scrolls of noise {unknown}
 v - 3 scrolls of enchant armour
 y - a scroll of fear {unknown}
 B - 3 scrolls of butterflies
 F - a scroll of identify
Potions
 d - a potion of berserk rage {unknown}
 g - a potion of might
 i - 3 potions of flight
 m - 2 potions of resistance {unknown}
 q - 2 potions of ambrosia
 u - a potion of invisibility {unknown}
 w - a potion of lignification {unknown}
 D - a potion of degeneration {unknown}


   Skills:
 - Level 3.0 Fighting
 + Level 16.0 Ranged Weapons
 - Level 2.1 Dodging
 - Level 0.7 Stealth


You had 9 spell levels left.
You didn't know any spells.
Your spell library contained the following spells:

 Spells                   Type           Power      Damage    Failure   Level
 Apportation              Tloc           0%         N/A       52%         1
 Magic Dart               Conj           0%         1d3       52%         1
 Necrotise                Necr           0%         1d4       52%         1
 Searing Ray              Conj           0%         2d4       67%         2
 Ozocubu's Armour         Ice            0%         N/A       88%         3
 Fulminant Prism          Conj/Hex       0%         3d6       99%         4
 Blade Hands              Tmut           0%         N/A       100%        5
 Iron Shot                Conj/Erth      0%         9d1       100%        6
 Ozocubu's Refrigeration  Ice            0%         4d7       100%        7
 Summon Small Mammal      Summ           Unusable   N/A       N/A         1
 Animate Armour           Summ/Erth      Unusable   N/A       N/A         4

Dungeon Overview and Level Annotations

Branches:
Dungeon (8/15)             Temple (1/1) D:7
   Lair: D:8-11

Altars:
Cheibriados
Elyvilon
Gozag
Hepliaklqana
Kikubaaqudgha
Makhleb
Nemelex Xobeh
Okawaru
Qazlal
Ru
Trog
Uskayaw
Vehumet
Wu Jian
Xom
Yredelemnul
Zin
The Shining One

Shops:
D:2 [   D:6 =

Annotations:
D:3 3 runed translucent doors, Crazy Yiuf; dornbeast's ghost, amateur DjTm


Innate Abilities, Weirdness & Mutations

You have a pair of horns on your head.
You reflexively headbutt those who attack you in melee.


Message History

Okay, then.
Okay, then.
Unknown command.
Unknown command.
Unknown command.
Unknown command.
Unknown command.
Unknown command.
Unknown command.
It was a potion of might.
You feel very mighty all of a sudden. The yak gores you!
* * * LOW HITPOINT WARNING * * *
The yak misses you. You furiously retaliate!
You headbutt the yak! The yak barely misses you. You furiously retaliate!
You headbutt the yak!
You feel better. The yak gores you!
* * * LOW HITPOINT WARNING * * *
The yak barely misses you. You furiously retaliate!
You headbutt the yak!!
You kill the yak!
Okawaru accepts your kill. The yak gores you but does no damage.
Your Ranged Weapons skill increases to level 16!
Unknown command.
You feel better. The yak misses you. You furiously retaliate!
You headbutt the yak. The yak barely misses you.
Fire: G) +1 arbalest (flame)
Press: ? - help, Q - select action, (/) - cycle Shift-Dir - straight line, f - yak
Aim: a yak (almost dead, 78% to hit)
You shoot a bolt. The bolt closely misses the yak.
The yak gores you!
* * * LOW HITPOINT WARNING * * *
The yak closely misses you.
Fire: G) +1 arbalest (flame)
Press: ? - help, Q - select action, (/) - cycle Shift-Dir - straight line, f/p - yak
Aim: a yak (almost dead, 78% to hit)
You shoot a bolt. The bolt hits the yak!
The bolt burns the yak.
You kill the yak!
Okawaru accepts your kill. The yak gores you!
You die...

.......##.#)#.#.#..#.# ##.###.#
.......##..#C.#..##..####......#
.......##.#.#.#C.##..##...#.####
.......##.C...'.#..#.##...#.#
........#######.......<...#.#
.........#############......#
.......#..##..[.....(....####
.......##.......†..##.####
.......#####.#.†@.......#
.......# #.###Y#.###########
.......# ###.....#...........#
.......# #......############.#
.......# #......# #.# .......#
#......# #####.# .......#
#......# #.....# .......#
#......# #######.######
.......###......# #.......#....#


You could see a yak.

Vanquished Creatures
  A cyclops (D:7)
  Prince Ribbit (D:8)
  5 yaks
  2 steam dragons (D:7)
  2 water moccasins (D:7)
  2 sky beasts
  An ice beast (D:7)
  2 orc warriors (D:8)
  2 phantoms
  A kobold brigand (D:7)
  5 bullfrogs
  A gnoll sergeant (D:7)
  A necrophage (D:7)
  A scorpion (D:4)
  5 howler monkeys
  5 hounds
  5 orc priests
  A jelly (D:5)
  An iguana (D:7)
  Ijyb (D:4)
  14 orc wizards
  Robin (D:2)
  11 adders
  10 gnolls
  A shadow imp (D:7)
  3 white imps
  2 ufetubi
  2 dart slugs
  26 orcs
  9 bats
  7 endoplasms
  3 giant cockroaches
  11 hobgoblins
  4 jackals (D:1)
  11 kobolds
  3 quokkas
  3 ball pythons
  2 frilled lizards
  17 goblins
  3 rats
188 creatures vanquished.

Vanquished Creatures (others)
  A shadow imp (D:7)
  2 plants (D:1)
3 creatures vanquished.

Grand Total: 191 creatures vanquished

Notes
Turn   | Place    | Note
-------+----------+-------------------------------------------
     0 | D:1      | safid the Minotaur Hunter began the quest for the Orb.
     0 | D:1      | Reached XP level 1. HP: 18/18 MP: 0/0
   105 | D:1      | Reached XP level 2. HP: 21/25 MP: 1/1
   357 | D:1      | Reached skill level 5 in Ranged Weapons
   557 | D:1      | Reached XP level 3. HP: 31/31 MP: 2/2
  1607 | D:2      | Noticed Robin
  1608 | D:2      | Reached XP level 4. HP: 26/38 MP: 3/3
  1609 | D:2      | Reached skill level 6 in Ranged Weapons
  1888 | D:2      | Killed Robin
  2039 | D:2      | Found Aghioff's Armour Boutique.
  2287 | D:3      | Found a white marble altar of Elyvilon.
  2362 | D:3      | Found a runed translucent door.
  2362 | D:3      | Noticed dornbeast's ghost (amateur DjTm)
  2391 | D:3      | Found a runed translucent door.
  2858 | D:3      | Found a sacrificial altar of Ru.
  2946 | D:3      | Found a runed translucent door.
  2947 | D:3      | Noticed Crazy Yiuf
  3053 | D:3      | Reached XP level 5. HP: 45/45 MP: 4/4
  3063 | D:3      | Reached skill level 7 in Ranged Weapons
  3187 | D:3      | Found a bloodstained altar of Trog.
  3480 | D:4      | Noticed Ijyb
  3495 | D:4      | Killed Ijyb
  3864 | D:4      | Identified the +0 robe of the Doldrums {rPois}
  3930 | D:4      | Reached skill level 8 in Ranged Weapons
  3930 | D:4      | Reached XP level 6. HP: 51/51 MP: 5/5
  4684 | D:5      | Entered Level 5 of the Dungeon
  5220 | D:5      | Reached skill level 9 in Ranged Weapons
  5276 | D:5      | Reached XP level 7. HP: 57/57 MP: 6/6
  5768 | D:5      | Reached skill level 10 in Ranged Weapons
  6008 | D:6      | Found Asirukku's Jewellery Boutique.
  6296 | D:6      | Bought an amulet of regeneration for 330 gold pieces
  6347 | D:7      | Reached skill level 11 in Ranged Weapons
  6347 | D:7      | Reached XP level 8. HP: 63/63 MP: 7/7
  6528 | D:7      | Reached skill level 12 in Ranged Weapons
  6575 | D:7      | Noticed a cyclops
  6653 | D:7      | HP: 2/63 [cyclops/large rock (45)]
  6753 | D:7      | Reached skill level 13 in Ranged Weapons
  6775 | D:7      | Reached XP level 9. HP: 62/69 MP: 8/8
  7008 | D:7      | Found a staircase to the Ecumenical Temple.
  7013 | Temple   | Entered the Ecumenical Temple
  7072 | Temple   | Became a worshipper of Warmaster Okawaru
  7416 | D:8      | Noticed Prince Ribbit
  7443 | D:8      | Killed Prince Ribbit
  7444 | D:8      | Reached skill level 14 in Ranged Weapons
  7537 | D:8      | Reached * piety under Okawaru
  7774 | D:8      | Reached skill level 15 in Ranged Weapons
  7799 | D:8      | Identified the +9 war axe of the Vanishing Deaths {freeze,
                  | Dex+4}
  7898 | D:7      | Killed a cyclops
  7898 | D:7      | Reached ** piety under Okawaru
  7899 | D:7      | Reached XP level 10. HP: 52/77 MP: 9/9
  7931 | D:7      | Reached skill level 16 in Ranged Weapons
  7932 | D:7      | HP: 2/77 [yak (12)]
  7933 | D:7      | Mangled by a yak

Illustrated notes

Levels and vault maps discovered:
D:1:      co_arrival_random_square_maze, layout_basic, roderic_lattice_a,
          minmay_door_square, nicolae_grassy_gnolls
D:2:      minmay_alternating_diamond, layout_basic, serial_shops,
          nicolae_shop_waterfront, minmay_diced_spiral, uniq_robin
D:3:      layout_basic, elyvilon_altar_4, nicolae_ru_the_path_less_chosen,
          trog_antimagical, ebering_ghost_sewer_f, uniq_crazy_yiuf_cottage
D:4:      kennysheep_big_flooded_room, layout_basic, uniq_ijyb
D:5:      layout_loops_cross
D:6:      layout_rooms, serial_shops, shop
D:7:      minmay_clustersquares, layout_basic, minmay_temple_entry_nine_rooms,
          uniq_duvessa
D:8:      layout_basic, uniq_prince_ribbit1
Temple:   nicolae_temple_superstar

Skill      XL: |  1  2  3  4  5  6  7  8  9 10 |
---------------+-------------------------------+-----
Fighting       | 3 |  3.0
Ranged Weapons | 5 6 8 9 11 13 15 16 | 16.0
Dodging        | |  2.1
Stealth        | |  0.7

Action                   |  1- 3 |  4- 6 |  7- 9 | 10-12 || total
-------------------------+-------+-------+-------+-------++-------
Melee: Shortbow          |       |     2 |       |       ||     2
       Headbutt          |       |     1 |       |       ||     1
 Fire: Shortbow          |    93 |   214 |   313 |       ||   620
       Arbalest          |       |       |    19 |     3 ||    22
  Use: Potion            |       |     1 |       |     3 ||     4
       Scroll            |       |       |     6 |       ||     6
Armor: Leather armour    |    16 |    26 |    23 |     1 ||    66
Dodge: Dodged            |    25 |    67 |    95 |    10 ||   197
